Map: Sequencer LE

Players

NightOwl

  • Race: Zerg Zerg
  • Spawn Location: 7:00

Minato - Winner!

  • Race: Zerg Zerg
  • Spawn Location: 1:00

Event: WCS Jonkoping 2017

VOD

Have the link to the VOD?

Description

Time

  • Played on: June 17, 2017, 7:36 a.m.
  • Length: 8:22

All games in this series

Show
View Real Time Build Order
Export as new Build Order

NightOwl Zerg 

Build Orders: Hatch First 

Get SALT Encoding   

  12  0:01  Drone  
  13  0:14  Overlord  
  13  0:17  Drone  
  14  0:32  Drone x2  
  16  0:36  Drone  
  17  0:53  Hatchery  
  17  0:55  Drone  
  17  0:59  Drone  
  17  1:01  Extractor  
  17  1:15  Spawning Pool  
  17  1:18  Drone  
  17  1:21  Drone  
  18  1:31  Drone  
  19  1:40  Overlord  
  19  2:03  Zergling x4, Metabolic Boost  
  19  2:04  Queen  
  19  2:07  Queen  
  25  2:10  Drone  
  25  2:14  Drone  
  27  2:17  Drone  
  28  2:23  Drone  
  28  2:27  Evolution Chamber  
  28  2:28  Drone  
  29  2:36  Drone  
  30  2:39  Drone  
  31  2:48  Drone  
  32  2:52  Zerg Melee Weapons Level 1  
  32  2:56  Drone  
  33  3:00  Hatchery  
  32  3:22  Baneling Nest  
  32  3:25  Overlord x2  
  31  3:35  Overlord  
  31  3:42  Queen  
  31  3:45  Zergling x18  
  31  3:47  Zergling x2  
  43  3:50  Zergling x2  
  43  3:54  Zergling x4  
  46  3:58  Zergling x2  
  47  4:03  Zergling x2  
  47  4:04  Zergling x2  
  47  4:06  Baneling x2  
  48  4:17  Zergling x10  
  48  4:19  Baneling x2  
  53  4:31  Zergling x8  
  55  4:40  Zergling x2  
  55  4:41  Overlord  
  56  4:57  Zergling x6  
  58  5:08  Zergling x16  
  66  5:20  Overlord  
  66  5:26  Drone x6  
  66  5:27  Drone x2  
  66  5:28  Drone x2  
  65  5:31  Drone  
  65  5:32  Drone  
  65  5:39  Drone x2  
  67  5:49  Drone x3  
  63  5:53  Drone  
  61  5:57  Zerg Missile Weapons Level 1  
  61  6:00  Roach Warren, Extractor  
  61  6:02  Drone  
  61  6:03  Drone x2  
  61  6:07  Zergling x2  
  61  6:08  Zergling x8  
  65  6:12  Overlord  
  65  6:17  Lair  
  65  6:19  Drone x3  
  65  6:23  Overlord  
  68  6:26  Drone  
  68  6:27  Drone  
  68  6:32  Overlord  
  70  6:36  Drone  
  70  6:37  Drone x2, Overlord  
  70  6:38  Overlord  
  73  6:48  Roach x4  
  73  6:49  Roach  
  83  6:55  Roach x3  
  89  7:07  Roach x2  
  93  7:09  Overlord x2  
  93  7:11  Extractor  
  93  7:13  Extractor  
  93  7:14  Roach  
  92  7:19  Drone x4  
  92  7:21  Extractor  
  91  7:23  Roach x2  
  91  7:25  Zergling x6  
  98  7:37  Drone  
  98  7:42  Roach  
  98  7:43  Roach  
  98  7:44  Roach x3  
  109  7:45  Zergling x12  
  115  7:53  Roach x2  
  115  7:56  Roach  
  121  7:59  Overlord x3  
  121  8:02  Roach x3  
Show
View Real Time Build Order
Export as new Build Order

Minato Zerg - Winner!

Build Orders: Hatch First 

Get SALT Encoding   

  12  0:01  Drone  
  13  0:12  Overlord  
  13  0:17  Drone  
  14  0:30  Drone  
  14  0:31  Drone  
  14  0:34  Drone  
  17  0:52  Hatchery  
  17  0:55  Drone  
  17  0:58  Drone  
  18  1:09  Extractor  
  17  1:13  Spawning Pool  
  17  1:17  Drone  
  17  1:22  Drone  
  18  1:28  Drone  
  19  1:42  Overlord  
  19  1:51  Drone  
  20  2:00  Queen  
  20  2:01  Zergling x2  
  23  2:04  Queen  
  23  2:05  Zergling x2  
  26  2:11  Metabolic Boost  
  26  2:12  Drone  
  27  2:16  Drone  
  28  2:24  Drone  
  28  2:26  Drone  
  30  2:33  Drone  
  30  2:36  Queen  
  33  2:39  Drone  
  34  2:45  Overlord  
  34  2:48  Drone  
  35  3:02  Drone  
  36  3:06  Drone x2  
  36  3:10  Drone x2  
  36  3:11  Drone  
  41  3:13  Hatchery, Zergling x2  
  41  3:16  Zergling x2  
  41  3:18  Zergling x2  
  43  3:21  Zergling x2  
  43  3:24  Overlord  
  44  3:33  Overlord  
  44  3:34  Overlord  
  44  3:45  Zergling x2  
  44  3:46  Zergling x12  
  44  3:47  Zergling x2  
  52  4:05  Lair  
  52  4:06  Roach Warren, Drone  
  52  4:07  Drone  
  52  4:09  Drone  
  55  4:10  Drone x2  
  56  4:19  Drone x4  
  56  4:21  Drone  
  56  4:23  Drone  
  60  4:44  Extractor  
  60  4:45  Extractor  
  58  4:47  Evolution Chamber, Roach x2  
  58  4:48  Roach x5  
  58  4:51  Roach  
  71  4:55  Roach  
  71  5:04  Glial Reconstitution  
  71  5:09  Roach  
  71  5:13  Overlord x4  
  74  5:27  Zergling x4, Roach  
  73  5:32  Roach x3  
  73  5:35  Roach  
  79  5:42  Zerg Missile Weapons Level 1  
  79  5:49  Roach x2  
  71  5:51  Zergling x2  
  71  5:52  Roach  
  71  5:55  Zergling x2, Roach  
  71  6:02  Roach x2  
  68  6:08  Roach x4  
  71  6:12  Roach  
  73  6:20  Roach x2  
  73  6:21  Roach  
  73  6:22  Overlord  
  73  6:24  Overlord  
  79  6:31  Baneling Nest  
  78  6:33  Roach  
  80  6:43  Roach x3  
  86  6:47  Zergling x2  
  86  6:48  Zergling x6  
  86  6:50  Zergling x2  
  86  6:51  Zergling x2  
  92  7:00  Zergling x2  
  92  7:01  Zergling x2  
  94  7:11  Overlord x2  
  94  7:16  Baneling  
  94  7:17  Baneling x9  
  94  7:18  Baneling  
  94  7:20  Zergling x2  
  94  7:21  Zergling x4  
  94  7:22  Zergling x2  
  97  7:23  Zergling x2  
  97  7:26  Baneling  
  97  7:27  Roach  
  100  7:34  Zergling x4, Roach  
  104  7:39  Zergling x2  
  104  7:42  Baneling x2  
  105  7:46  Baneling x3  
  105  7:51  Zergling x4, Roach x2  
  109  7:56  Roach  
  109  7:58  Roach  
Tags
 
Add a new tag
Caveats
  • Supply blocks, unpowered buildings, or Contaminate may cause inaccurate times.
  • Supply counts are checked every 10 seconds.